 Dungeon Crawl Stone Soup version 0.29.1-15-g9cfb28693d (webtiles) character file.

Game seed: 11750117346316037189

53 croobank the Caller (level 3, -1/15 HPs)
             Began as a Felid Summoner on Mar 7, 2023.
             Succumbed to an orc's poison
             ... on level 4 of the Dungeon.
             The game lasted 00:09:51 (3649 turns).

croobank the Caller (Felid Summoner)                Turns: 3649, Time: 00:09:51

Health: -1/15      AC:  1    Str:  3    XL:     3   Next: 62%
Magic:  4/7        EV: 18    Int: 22    God:
Gold:   262        SH:  5    Dex: 15    Spells: 0/6 levels left
                                        Lives:  0   Deaths: 0

rFire   . . .      SeeInvis +   (weapon unavailable)
rCold   . . .      Faith    .   (shield unavailable)
rNeg    . . .      Spirit   .   (body armour unavailable)
rPois   .          Reflect  +   (helmet unavailable)
rElec   .          Harm     .   (cloak unavailable)
rCorr   .          Rampage  .   (gloves unavailable)
Will    +....                   (boots unavailable)
Stlth   ++........              i - amulet of reflection
HPRegen 0.05/turn               h - ring of flight
MPRegen 0.10/turn               (no ring)

@: lethally poisoned (-1 -> -11), flying, very slightly contaminated, quick
A: very small, claws 1, fangs 3, see invisible, speed 1, shaggy fur 1, stealthy
paws, no weapons or thrown items, no armour, multi-lived, clever 1,
strong-willed 1
a: no special abilities


You were on level 4 of the Dungeon.
You visited 1 branch of the dungeon, and saw 4 of its levels.

You collected 262 gold pieces.

Inventory:

Jewellery
 h - a ring of flight (left paw)
 i - an amulet of reflection (around neck)
Potions
 a - a potion of flight {unknown}
 c - a potion of mutation
 e - a potion of curing
 g - a potion of ambrosia


   Skills:
 + Level 0.4 Fighting
 + Level 3.6 Dodging
 - Level 3.5 Stealth
 + Level 2.4 Spellcasting
 + Level 4.3 Summonings


You couldn't memorise any spells.
You knew the following spells:

 Your Spells              Type           Power      Damage    Failure   Level
a - Summon Small Mammal   Summ           88%        N/A       2%          1
b - Call Imp              Summ           22%        N/A       3%          2
c - Call Canine Familiar  Summ           22%        N/A       6%          3

Your spell library contained the following spells:

 Spells                   Type           Power      Damage    Failure   Level
 Summon Guardian Golem    Hex/Summ       12%        N/A       16%         3
 Dazzling Flash           Conj/Hex       4%         N/A       36%         3
 Ignite Poison            Fire/Tmut/Pois 2%         N/A       36%         3
 Mephitic Cloud           Conj/Pois/Air  2%         N/A       36%         3
 Summon Lightning Spire   Summ/Air       12%        N/A       47%         4
 Iskenderun's Mystic Bla  Conj/Tloc      2%         2d3       78%         4
 Freezing Cloud           Conj/Ice/Air   1%         6-21      98%         5
 Starburst                Conj/Fire      1%         6d3       100%        6


Dungeon Overview and Level Annotations

Branches:
Dungeon (4/15)
 Temple: D:4-7

Altars:
Qazlal

Annotations:
D:3 Grinder


Innate Abilities, Weirdness & Mutations

You have sharp claws.
You have razor-sharp teeth.
You have supernaturally acute eyesight. (SInv)
You cover ground quickly. (Speed+)
You are covered in fur. (AC +1)
Your paws help you pounce on unaware monsters.
You are incapable of wielding weapons or throwing items.
You cannot wear armour.
You gain extra lives every three experience levels.
Your mind is acute. (Int +4, Str/Dex -1)
You are strong-willed. (Will+)


Message History

You now have 238 gold pieces (gained 12).
You see here a +0 scale mail.
You now have 249 gold pieces (gained 11).
You now have 262 gold pieces (gained 13).
Found a quarterstaff.
You see here a +0 scale mail.
You hear the hiss of a very distant avalanche of sand.
You see here a potion of mutation.
c - a potion of mutation
Found a stone staircase leading down.
Found an escape hatch in the ceiling.
An orc comes into view. It is wielding a +0 dagger.
Found a stone staircase leading up.
An orc comes into view. It is wielding a +0 mace.
The orc shouts!
You hear a shout! x2
An orc priest comes into view. It is wielding a +0 mace.
An orc comes into view. It is wielding a +0 mace.
An orc comes into view. It is wielding a +2 dagger of venom.
You hear the brisk hiss of a distant avalanche of sand.
An adder comes into view.
The orc shouts!
The adder hisses angrily.
The orc misses you. The orc barely misses you.
You scratch the orc. You claw the orc.
The orc is moderately wounded.
The orc closely misses you. The orc barely misses you.
The orc priest barely misses you.
Casting: Call Imp (safe; 3% risk of failure)
Confirm with . or Enter, or press ? or * to list all spells.
You miscast Call Canine Familiar.
You are very lightly contaminated with residual magic.
Nothing appears to happen.
The adder bites you. The orc hits you with a +0 mace.
The orc hits you but does no damage.
You are lethally poisoned!
The orc closely misses you. The orc priest hits you with a +0 mace!
* * * LOW HITPOINT WARNING * * *
As you read the scroll labelled XILIPRUIMO, it crumbles to dust.
You hear a loud clanging noise!
It was a scroll of noise.
You die...

##.##....##.#
.......#####.#
###.##.......#
). #...###### #
#...# #...#
#...# #.o.#
#.o@#
......ooS.....#
.......o.......
..............#
#####...###....
#...# ####
#...# .....


You could see an orc priest, an adder and 4 orcs.

Vanquished Creatures
  An endoplasm (D:1)
  A giant cockroach (D:1)
  A bat (D:1)
  A frilled lizard (D:2)
  A goblin (D:1)
  A rat (D:3)
6 creatures vanquished.

Vanquished Creatures (collateral kills)
  A worm (D:3)
  2 dart slugs
  4 ball pythons
  4 endoplasms
  A giant cockroach (D:1)
  2 goblins
  5 hobgoblins
  3 quokkas (D:3)
  5 bats
  5 frilled lizards
  4 kobolds
  4 rats
40 creatures vanquished.

Vanquished Creatures (others)
  13 plants (D:1)
13 creatures vanquished.

Grand Total: 59 creatures vanquished

Notes
Turn   | Place    | Note
-------+----------+-------------------------------------------
     0 | D:1      | croobank the Felid Summoner began the quest for the Orb.
     0 | D:1      | Reached XP level 1. HP: 7/7 MP: 4/4
   172 | D:1      | Reached XP level 2. HP: 7/11 MP: 1/6
   178 | D:1      | Learned a level 2 spell: Call Imp
  1145 | D:2      | Reached XP level 3. HP: 14/14 MP: 2/7
  1165 | D:2      | Identified the +1 leather armour "Gesuoti" {Rampage rElec
                  | MP-9 Dex+4}
  1484 | D:2      | Learned a level 3 spell: Call Canine Familiar
  1840 | D:2      | Found a faded altar of an unknown god.
  2964 | D:3      | Gained mutation: You are strong-willed. (Will+) [potion of
                  | mutation]
  2964 | D:3      | Gained mutation: Your mind is acute. (Int +4, Str/Dex -1)
                  | [potion of mutation]
  3144 | D:3      | Noticed a fire elemental
  3146 | D:3      | Found a stormy altar of Qazlal.
  3148 | D:3      | Noticed a water elemental
  3148 | D:3      | Noticed an air elemental
  3148 | D:3      | Noticed an earth elemental
  3221 | D:3      | Noticed Grinder
  3258 | D:3      | Paralysed by Grinder for 5 turns
  3649 | D:4      | Succumbed to an orc's poison

Illustrated notes

Levels and vault maps discovered:
D:1:      roderic_crop_circles_arrival_large, layout_rooms,
          minmay_misc_feat_enclosed
D:2:      layout_basic, shapermc_ecumenical_altar_mp_highgroup,
          nicolae_elevator_lobby_plus
D:3:      layout_basic, nicolae_qazlal_style_of_elements, uniq_natasha,
          uniq_grinder, uniq_crazy_yiuf_cottage
D:4:      layout_loops_cross, enter_ossuary_3

Skill      XL: |  1 |
---------------+----+-----
Stealth        | 3 |  3.5
Dodging        | 3 |  3.6
Fighting       | |  0.4
Spellcasting   | |  2.4
Summonings     | |  4.3

Action                   || total
-------------------------++-------
Melee: Unarmed           ||    48
       Bite              ||     5
       Punch             ||     1
 Cast: Summon Small Mamm ||    56
       Call Imp          ||    24
       Call Canine Famil ||    12
  Use: Scroll            ||     8
       Potion            ||     2
 Stab: Sleeping          ||     3
Armor: Skin              ||     5
Dodge: Dodged            ||    59
Block: Other             ||     5
